Cogmind - Beta 17 @@@ ROGUE MODE // 2026.06.24 @ 17:34:02 Player: Terminus Result: Destroyed by F9-EZU(R) with Subdweller Beam Cannon Performance ------------- Evolutions (0) 0 Regions Visited (2) 400 Robots Destroyed (32) 160 Value Destroyed (799) 799 Prototype IDs (2) 40 Alien Tech Used (0) 0 Bonus (5250) 5250 TOTAL SCORE: 6649 Bonus ------- Prayed to X0-1V1 5000 Major X0-1V1 Interference 250 Cogmind --------- Core Integrity 0/250 Matter 328/700 Energy 125/125 System Corruption 0% Temperature Cool (-657) Movement Treading (240) Ox1 Location -10/Subcaves Parts ------- > --- POWER (1) -------- Light Ion Engine > --- PROPULSION (2) --- Light Treads Light Treads > --- UTILITY (2) ------ High-capacity Storage Unit > --- WEAPON (2) ------- Hammer > --- INVENTORY (20) --- Aluminum Leg Subdweller Monowheel Heat Sink Heat Sink Improved Heat Sink High-capacity Matter Pod (0) Seismic Detector X0-1V1's Piety Tracker Rainbow Chip Small Laser Small Laser Small Laser Light Assault Rifle Peak State ------------ > --- POWER ------------ Ion Engine > --- PROPULSION ------- Light Treads Light Treads > --- UTILITY ---------- High-capacity Storage Unit Light Armor Plating > --- WEAPON ----------- EM Pulse Gun EM Pulse Gun > --- INVENTORY -------- Light Treads Light Treads Light Treads Aluminum Leg Heat Sink Heat Sink Improved Heat Sink High-capacity Matter Pod Seismic Detector X0-1V1's Piety Tracker Rainbow Chip Small Laser Small Laser Small Laser Assault Rifle Hammer [Rating: 11] Favorites ----------- Power Ion Engine Engine Ion Engine Propulsion Light Treads Treads Light Treads Leg Aluminum Leg Utility High-capacity Storage Unit Device Heat Sink Storage High-capacity Storage Unit Protection Light Armor Plating Weapon Assault Rifle Energy Gun EM Pulse Gun Ballistic Gun Assault Rifle Ballistic Cannon Light Cannon Impact Weapon Hammer Build | -11 -10 -10 ------- Run | Yrd Mat Sub Slots Evolved . | . . . Power . | . . . Propulsion . | . . . Utility . | . . . Weapon . | . . . Parts Attached 27 | 8 8 11 Power 4 | 1 . 3 Engine 4 | 1 . 3 Core . | . . . Reactor . | . . . Propulsion 8 | 3 1 4 Treads 7 | 2 1 4 Leg 1 | 1 . . Wheel . | . . . Hover . | . . . Flight . | . . . Utility 7 | 1 5 1 Device 1 | . 1 . Storage 3 | 1 2 . Processor . | . . . Hackware . | . . . Protection 3 | . 2 1 Artifact . | . . . Weapon 8 | 3 2 3 Energy Gun 3 | 1 . 2 Energy Cannon . | . . . Ballistic Gun 3 | 2 1 . Ballistic Cannon 1 | . 1 . Launcher . | . . . Special Weapon . | . . . Impact Weapon 1 | . . 1 Slashing Weapon . | . . . Piercing Weapon . | . . . Special Melee Weapon . | . . . Unidentified Prototypes . | . . . Parts Lost 17 | . 4 13 Power 3 | . . 3 Propulsion 5 | . 1 4 Utility 3 | . 1 2 Weapon 6 | . 2 4 Highest Loss Streak 5 | . 3 5 To Critical Strikes . | . . . Average Backups 15 | 2 15 18 Power 1 | . 1 1 Propulsion 5 | 1 5 4 Utility 3 | . 2 6 Weapon 4 | . 4 5 Tool/Special . | . . . Unused Backups 15 | . 3 12 Power 2 | . 2 . Propulsion 3 | . 1 2 Utility 7 | . . 7 Weapon 3 | . . 3 Tool/Special . | . . . Average Slot Usage (%) 95 | . 95 97 Engine 13 | . 14 13 Treads 27 | . 27 28 Device 3 | . 4 . Storage 14 | . 14 14 Protection 7 | . 4 13 Energy Gun 3 | . . 11 Ballistic Gun 20 | . 22 14 Ballistic Cannon 3 | . 5 . Peak Build Rating 11 | 6 9 11 Average Rating 8 | 4 7 10 On Entrance 5 | . 6 9 Avg Prop Armor Cover (%) 40 | 40 . . Naked Turns . | . . . Heaviest Build 52 | 13 51 52 Greatest Support 40 | 40 40 40 Greatest Overweight (x) 1 | . 1 1 Average Overweight (x) . | . . 1 Largest Inventory Capacity 20 | 8 20 20 Average Capacity 19 | 6 19 20 Most Carried 20 | 4 20 20 Average Carried 15 | 2 15 18 Final Capacity 20 | 8 20 20 Final Carried 20 | 4 20 13 Class Distribution -------------------- 100% | Mutant Dominant Class ---------------- Mutant | -10/Materials Mutant | -10/Subcaves Resources | -11 -10 -10 ----------- Run | Yrd Mat Sub Matter Collected 953 | 216 585 152 Remotely . | . . . Salvage Created 946 | . 708 238 Parts 60 | . 46 14 Haulers Intercepted 2 | . 2 . Recyclers Shooed 2 | . 2 . Parts Field Recycled . | . . . Retrieved Matter . | . . . Parts Self-Destructed 14 | . . 14 Prevented 3 | . . 3 Parts Restored . | . . . Kills | -11 -10 -10 ------- Run | Yrd Mat Sub Combat Hostiles Destroyed 26 | . 18 8 Melee 1 | . . 1 Guns 17 | . 12 5 Cannons 6 | . 6 . AOE 2 | . . 2 Classes Destroyed 7 | . 5 2 Worker 2 | . 2 . Hauler 2 | . 2 . Turret 1 | . . 1 Watcher 1 | . 1 . Swarmer 8 | . 3 5 Grunt 17 | . 15 2 Subdweller 1 | . . 1 Best Kill Streak 5 | . 5 3 Combat Bots Only 5 | . 5 3 Max Kills in Single Turn 2 | . 1 2 Gunslinging 1 | . . 1 Exploded 1 | . . 1 Melee 1 | . . 1 Uniques/NPCs Destroyed . | . . . Combat | -11 -10 -10 -------- Run | Yrd Mat Sub Hostile Shots Fired 301 | . 103 198 Missed 104 | . 24 80 Hits 197 | . 79 118 Projectile 197 | . 79 118 Critical Strikes 2 | . . 2 Damage Taken 2240 | . 961 1279 Core 256 | . 123 133 Absorbed by Shields . | . . . Regen/Repaired (Parts) 112 | . 112 . Core Remaining (%) 100 | 100 . . Volleys Fired 116 | . 89 27 Largest 2 | . 2 2 Hottest 80 | . 50 80 Shots Fired 228 | . 178 50 Gun 190 | . 140 50 Cannon 38 | . 38 . Launcher . | . . . Special . | . . . Kinetic 182 | . 178 4 Thermal 4 | . . 4 Explosive . | . . . Electromagnetic 42 | . . 42 Robot Hit Streak 11 | . 11 10 Robot Miss Streak 5 | . 5 3 Penetration Max . | . . . Secondary Targets 4 | . 2 2 Max Gunslinging Chain 1 | . 1 1 Shots Hit Robots 163 | . 120 43 Core Hits 56 | . 43 13 Critical Kills . | . . . Critical Parts Destroyed 2 | . 1 1 Critical Strikes 2 | . 1 1 Destroy 1 | . 1 . Smash 1 | . . 1 Melee Attacks 12 | . . 12 Impact 12 | . . 12 Slashing . | . . . Piercing . | . . . Sneak Attacks . | . . . Combat Hostiles . | . . . Follow-up Attacks . | . . . Damage Inflicted 2315 | . 1492 823 Guns 1448 | . 1079 369 Cannons 404 | . 404 . Explosions 191 | . . 191 Melee 263 | . . 263 Ramming 9 | . 9 . Kinetic 1512 | . 1483 29 Thermal 222 | . . 222 Explosive . | . . . Electromagnetic 309 | . . 309 Impact 263 | . . 263 Slashing . | . . . Piercing . | . . . Highest Corruption . | . . . Average Corruption . | . . . Corruption Purged . | . . . Corruption Blocked . | . . . Overload Shots . | . . . Overflow Damage 39 | . 1 38 Projectiles 1 | . 1 . Explosions 17 | . . 17 Melee 21 | . . 21 Knockbacks 8 | . 6 2 Impact 2 | . . 2 Kinetic 4 | . 4 . Secondary 2 | . 2 . Self-Inflicted Damage 39 | . . 39 Shots 1 | . . 1 Rammed 4 | . 4 . Targets Rammed 4 | . 4 . Kicked . | . . . Crushed . | . . . Highest Temperature 27 | . 27 2 Average Temperature 7 | . 7 1 Received Heat Transfer 1223 | . 459 764 Siege Activations . | . . . Martial Activations . | . . . Shielding Activations . | . . . Robots Disrupted . | . . . Combat Hostiles . | . . . Robots Corrupted . | . . . Combat Hostiles . | . . . Parts Fried 3 | . . 3 Impact Corruptions 1 | . . 1 Robots Melted . | . . . Combat Hostiles . | . . . Parts Melted . | . . . Heat Transferred 325 | . . 325 Parts Sabotaged . | . . . Parts Stolen . | . . . Parts Stripped . | . . . Power Chain Reactions 3 | . . 3 Alert | -11 -10 -10 ------- Run | Yrd Mat Sub Maximum Alert Level 1 | . 1 . Low Security (%) 98 | 100 98 . Level 1 1 | . 1 . Level 2 . | . . . Level 3 . | . . . Level 4 . | . . . Level 5 . | . . . High Security . | . . . Max Security . | . . . Peak Influence 202 | . 202 . Initial . | . . . Average 86 | . 90 . Influence Increases 1355 | . 540 815 Destroy 0b10 Robot/C 520 | . 360 160 Destroy 0b10 Robot/NC 25 | . 25 . Destroy Leader 86 | . 76 10 Successful Hack 31 | . 31 . Select Force Hacks 30 | . 30 . Disable Machine 15 | . 15 . Destroy Structure 3 | . 3 . Lose Combat Pursuer 645 | . . 645 Influence Decreases 818 | . 440 378 Entered New Map 48 | . . 48 Time Decay 620 | . 400 220 Lost Part 150 | . 40 110 Squads Dispatched 3 | . 3 . Investigation 2 | . 2 . Extermination . | . . . Reinforcement 1 | . 1 . Assault . | . . . Garrison . | . . . Intercept . | . . . Searches Triggered . | . . . Construction Impeded . | . . . Haulers Reinforced . | . . . Active Scanning Responses . | . . . Cargo Convoy Interrupts . | . . . Stealth | -11 -10 -10 --------- Run | Yrd Mat Sub Distress Signals 1 | . 1 . Communications Jammed . | . . . Distress Signals . | . . . Times Spotted 69 | . 27 42 Peak Tracking Total 6 | . 4 6 Tactical Retreats 6 | . . 6 Traps | -11 -10 -10 ------- Run | Yrd Mat Sub Traps Triggered 1 | . 1 . Indirectly . | . . . Trap Hack Attempts . | . . . Triggered . | . . . Disarmed . | . . . Reprogrammed . | . . . Reused . | . . . Traps Extracted . | . . . Installed . | . . . Triggered . | . . . Machines | -11 -10 -10 ---------- Run | Yrd Mat Sub Machines Disabled 2 | . 1 1 Max in Single Turn 1 | . 1 1 Machines Repaired . | . . . Machines Dismantled . | . . . Machines Sabotaged . | . . . Overloaded Fab Kills . | . . . Hacking | -11 -10 -10 --------- Run | Yrd Mat Sub Machines Accessed 7 | . 7 . Terminals 5 | . 5 . Fabricators . | . . . Repair Stations 1 | . 1 . Recycling Units 1 | . 1 . Scanalyzers . | . . . Garrison Access . | . . . Total Hacks 17 | . 17 . Successful 5 | . 5 . Failed 11 | . 11 . Catastrophic 1 | . 1 . Database Lockouts 1 | . 1 . Manual 7 | . 7 . Terminals 10 | . 10 . Fabricators . | . . . Repair Stations 6 | . 6 . Recycling Units 1 | . 1 . Scanalyzers . | . . . Garrison Access . | . . . Terminal Hacks 2 | . 2 . Part Schematic 1 | . 1 . Prototype ID Bank 1 | . 1 . Fabricator Hacks . | . . . Repair Station Hacks 2 | . 2 . Scan Component 1 | . 1 . Repair 1 | . 1 . Recycling Unit Hacks . | . . . Scanalyzer . | . . . Garrison Access Hacks . | . . . Unauthorized Hacks 1 | . 1 . Terminals . | . . . Fabricators . | . . . Repair Stations . | . . . Recycling Units 1 | . 1 . Tunnel 1 | . 1 . Scanalyzers . | . . . Garrison Access . | . . . Data Cores Recovered . | . . . Used . | . . . Hacking Detections 4 | . 4 . Full Trace Events . | . . . Feedback Events . | . . . Feedback Blocked . | . . . Robot Schematics Acquired . | . . . Robots Built . | . . . Authchips . | . . . Time . | . . . Total Robot Build Rating . | . . . Part Schematics Acquired 1 | . 1 . Parts Built . | . . . Authchips . | . . . Time . | . . . Total Part Build Rating . | . . . Part Studies Acquired . | . . . Parts Repaired 1 | . 1 . Time 13 | . 13 . Parts Recycled . | . . . Recycled Matter . | . . . Retrieved Matter . | . . . Retrieved Components . | . . . Parts Scanalyzed . | . . . Part Schematics Acquired . | . . . Parts Damaged . | . . . Bothacking | -11 -10 -10 ------------ Run | Yrd Mat Sub Used RIF Installer . | . . . Robots Hacked . | . . . Non-combat . | . . . Combat . | . . . Robot Hacks Applied . | . . . Relay Couplers Released . | . . . Fabnet Peak Effective % . | . . . Robots Rewired . | . . . Allies Hacked . | . . . Hacks Repelled . | . . . Allies | -11 -10 -10 -------- Run | Yrd Mat Sub Total Allies . | . . . Largest Group . | . . . Highest-Rated Group . | . . . Highest-Rated Ally . | . . . Total Orders . | . . . Ally Attacks . | . . . Total Damage . | . . . Kills . | . . . Allies Corrupted . | . . . Allies Melted . | . . . X0-1V1 Amusement Gains 9 | . 9 . Good Acts 3 | . . 3 Bad Acts 1 | . . 1 Intel | -11 -10 -10 ------- Run | Yrd Mat Sub Active Infowar (turns) . | . . . Robot Analysis Total . | . . . Derelict Logs Recovered . | . . . Drone Launches . | . . . Drone Recoveries . | . . . Exploration | -11 -10 -10 ------------- Run | Yrd Mat Sub Turns Passed 2364 | 77 1587 700 Spaces Moved 793 | 46 524 223 Core 10 | 10 . . Treads 783 | 36 524 223 Legs . | . . . Wheels . | . . . Hover . | . . . Flight . | . . . Fastest Speed 50 | 50 160 240 Average Speed 230 | 136 234 240 Slowest Speed 240 | 160 240 240 Overloaded Moves . | . . . Propulsion Burnouts . | . . . Robots Hopped . | . . . Potential Cave-ins . | . . . Cave-ins Triggered . | . . . Exploration Rate (%) 37 | 4 86 23 Regions Visited 2 Branch Regions 1 Pre-discovered Areas 1 | . 1 . Known Exits Taken . | . . . Unknown Exits Taken 2 | 1 1 . Scrap Searched . | . . . Spaces Dug . | . . . Terrain Destroyed 10 | . . 10 Melee . | . . . Projectile . | . . . AOE 10 | . . 10 Terrain Rammed . | . . . Walls Destroyed . | . . . Machines Disabled . | . . . Actions | -11 -10 -10 --------- Run | Yrd Mat Sub Total 1080 | 57 708 315 Wait 84 | . 52 32 Move 791 | 45 523 223 Hop . | . . . Pick Up 32 | 4 24 4 Fast Attach 11 | 6 4 1 Attach 14 | . 4 10 Detach . | . . . Swap 9 | 2 2 5 Drop 7 | . 6 1 Fire 116 | . 89 27 Melee 12 | . . 12 Ram . | . . . Kick . | . . . Crush 4 | . 4 . Escape Stasis . | . . . Rewire . | . . . Trap . | . . . Miscellaneous . | . . . Route ------- -11/Scrapyard -10/Materials (discovered 3 exits: [*Mat x2] / [*Sub]) -10/Subcaves (discovered 1 exit: [*Rec]) History --------- Turn | Location | Event 6 | -11/Scrapyard | Discovered new exit (range 16) 78 | -11/Scrapyard | Entered Materials 177 | -10/Materials | Central database locked down 316 | -10/Materials | Build established: Mutant 384 | -10/Materials | Discovered new exit (range 7) 886 | -10/Materials | Discovered new exit (range 11) 1202 | -10/Materials | Lost 3 parts (1n1u1w) 1451 | -10/Materials | Repaired Lgt. Treads 1520 | -10/Materials | Discovered new exit (range 13) 1664 | -10/Materials | Prayed at D.C.S.S. Altar Unit 1665 | -10/Materials | Entered Subcaves 1666 | -10/Subcaves | Approached by a straggling Scientist 1759 | -10/Subcaves | A swath of the cavern ceiling suddenly collapsed 1968 | -10/Subcaves | Discovered new exit (range 12) 1970 | -10/Subcaves | Core integrity fell below 50% 2020 | -10/Subcaves | A Subdweller sparked back to life 2020 | -10/Subcaves | A Subdweller sparked back to life 2020 | -10/Subcaves | A Subdweller sparked back to life 2046 | -10/Subcaves | X0-1V1 sent hostile G-34 Mercenary (x3) 2111 | -10/Subcaves | Found Prototype Processor 2113 | -10/Subcaves | Lost 3 parts (1p1n1u) 2307 | -10/Subcaves | Lost 3 parts (1p2w) 2335 | -10/Subcaves | Core integrity fell below 20% 2365 | -10/Subcaves | Destroyed by F9-EZU(R) with Subdweller Beam Cannon Last Messages --------------- 02317_ X0-1V1 makes important surrounding features appear closer to you (+2 sight range). 02321_ PA-PNQ(R) suffers critical hit (Smash). 02321_ Destroyed Sub. Monowheel. 02321_ PA-PNQ(R) system corrupted by crushing effect. 02325_ Subatomizers dissect the Wheel. 02325_ X0-1V1 enshrouds you in a swirling icy cloud. 02326_ Lgt. Treads destroyed. 02328_ Critical hit (Destroy). 02328_ Lgt. Armor Plating destroyed. 02330_ PA-PNQ(R) destroyed. 02338_ F9-EZU(R) knocked back. 02340_ Subatomizers dissect the Corrupted Sub. Machine Gun. 02340_ Assault Rifle destroyed. 02342_ Lgt. Treads destroyed. 02344_ Critical hit (Meltdown: +290). 02344_ F9-EZU(R) knocked back. 02350_ Lgt. Treads destroyed. 02351_ Subatomizers dissect the Corrupted Sub. Machine Gun. 02365_ X0-1V1 cackles wildly! Map ----- +----------------------------------------------------+ | ??????????????????????????????????????????????? | | ??????????????????????????????????????????????? | | ??????????????????????????????????????????????? | | ??????????????????????????????????????????????? | | ??????????????????????????????????????????????? | | ??????????????????????????????????????????????? | | ??????????????????????????????????????????????? | | ??????????????????????????????????????????????? | | ??????????????????????????????????????????????? | | ??????????????????????????????????????????????? | | ??????????????????????????????????????????????? | | ??????????????????????????????????????????????? | | ??????????????????????????????????????????????? | | ????????????# ????????????????????????????????? | | ???????????? ???????????????????????????????? | | ????????????? #?##???????????????????????????? | | ?????????????? "" ???????????????????????????? | | ??????????????? " "??????????????????????????? | | ????????????????# ??????????????????????????? | | ????????????????# ??????????????????????????? | | ????????????????# #####?????????????????????? | | ????????????????# " ##????????????????????? | | ?????????????????# ##???????????????????? | | ??????????????????# ##??????????????????? | | ???????????????????# R##?????????????????? | | ????????????????????# @ #?????????????????? | | ????????????????###?# #?????????????????? | | ????????????????# ##;% ##?????????????????? | | ???????????????## # [ #?????????????????? | | ???????????????# ###????????????????? | | ???????????????# ##???????????????? | | ???????????????# #???????????????? | | ???????????????## ###???????????????? | | ????????????????## ## #?????????????????? | | ????????????????## ###? #?????????????????? | | ????????????????# ;#??? #?????????????????? | | ????????????????# #??? #?????????????????? | | ??????###"##????## #??? ?????????????????? | | ??????#"" "#?????### #??? ?????????????????? | | ?????## X#??????#; ##?? ????????????????? | | ????## ###????##; % #?? ????????????????? | | ????# #### #????#" = #??# ##???????????????? | | ???### ## ######""= #???##?????????????????? | | ???# ### ## ## ##??????????????????????? | | ???# #???????????????????????? | | #### ## #???????????????????????? | | # ## ### #???????????????????????? | | ## ## ###?####???????????????????????? | | ?## ## ##????????????????????????????? | | ??## #????????????????????????????? | +----------------------------------------------------+ Best States ------------- Heat Dissipation 35 Energy Generation 10 Energy Capacity 250 Matter Stores 353 Matter Capacity 700 Sight Range 18 Terrain Scan Density 10 Armor Coverage 150 Evasion (%) 50 Recoil Reduction 2 Item Schematics ----------------- Huge Storage Unit | -10/Materials | Hacked Robot Schematics ------------------ None Fabricated ------------ Nothing Repaired ---------- Lgt. Treads | 20% | -10/Materials Studied --------- None Alien Tech Used ----------------- None Achievements -------------- None Challenges ------------ None Game ------ Seed AntimatterPhaseSplitter Manual? 0 Play Time 00:13:44 Cumulative 2289.8 hours Start 2026.06.24 @ 17:19:21 End 2026.06.24 @ 17:34:02 Sessions 1 Manual Loads 0 Difficulty Rogue Special Mode None Game No. 759 Rogue 759 Adventurer 0 Explorer 0 Win Type - Total 175 Types 31/23/66/7/1/2/43/1/1/0 Lore% 97 Gallery% 89 Achievement% 70 Wizard Run 0 Options --------- Layout 0 ASCII 0 Keyboard 0 Movement Numpad Keybinds 0 Fullscreen 2 Font 24/Smallcaps Map View 76x50 Zoom Use 0% Tactical HUD 1 Map Filters NONE Filters NONE Steam 1 RUN: fa8c5445-7986-49b4-aeed-228653bb49da